 Dungeon Crawl Stone Soup version 0.30-a0-691-g754fce4c43 (webtiles) character file.

Game seed: 6184559144519303393

7683 garrulousMonolith the Cleaver (level 11, -2/95 HPs)
             Began as a Minotaur Fighter on Jan 19, 2023.
             Was an Elder of Okawaru.
             Slain by a lindwurm (11 damage)
             ... on level 8 of the Dungeon on Jan 20, 2023.
             The game lasted 00:10:46 (7451 turns).

garrulousMonolith the Cleaver (Minotaur Fighter)    Turns: 7451, Time: 00:10:47

Health: -2/95      AC: 15    Str: 21    XL:     11   Next: 0%
Magic:  13/13      EV: 10    Int:  7    God:    Okawaru [****..]
Gold:   564        SH:  6    Dex: 14    Spells: 10/10 levels left

rFire   + . .      SeeInvis .    o - +9 mace of Hell's Wrath {flame, rF+ rCorr Int+2}
rCold   + . .      Faith    .    c - +0 buckler
rNeg    . . .      Spirit   .    O - +2 chain mail {rC+}
rPois   +          Reflect  .    (helmet restricted)
rElec   .          Harm     .    j - +0 cloak
rCorr   +          Rampage  .    y - +0 pair of gloves
Will    .....                    (no boots) Stlth
                                 n - amulet of the acrobat
HPRegen 0.35/turn                t - ring of poison resistance
MPRegen 0.13/turn                (no ring)

@: flying
A: horns 2, retaliatory headbutt
a: Renounce Religion, Heroism, Finesse


You were on level 8 of the Dungeon.
You worshipped Okawaru.
Okawaru was greatly pleased with you.
You visited 2 branches of the dungeon, and saw 9 of its levels.

You collected 564 gold pieces.

Inventory:

Hand Weapons
 a - a +0 war axe of flaming
 h - a +2 dagger of electrocution
 k - a +0 sling
 m - a +0 great sword
 o - the +9 mace of Hell's Wrath (weapon) {flame, rF+ rCorr Int+2}
   (You found it on level 2 of the Dungeon)

   Int:       It affects your intelligence (+2).
   rF:        It protects you from fire.
   rCorr:     It protects you from acid and corrosion.
 L - a +2 dagger of venom
Missiles
 z - 11 poisoned darts (quivered)
 J - a curare-tipped dart
Armour
 c - a +0 buckler (worn)
 j - a +0 cloak (worn)
 y - a +0 pair of gloves (worn)
 A - a +0 plate armour
 G - a scarf of shadows
 O - a +2 chain mail of cold resistance (worn)
Jewellery
 n - an amulet of the acrobat (around neck)
 t - a ring of poison resistance (left hand)
 I - a +4 ring of protection
Wands
 e - a wand of paralysis (11)
 C - a wand of flame (13)
Scrolls
 f - 6 scrolls of teleportation
 g - a scroll of brand weapon
 i - a scroll of enchant weapon {unknown}
 l - a scroll of summoning
 p - a scroll of immolation
 r - a scroll of poison {unknown}
 x - a scroll of enchant armour {unknown}
 B - a scroll of silence
 D - a scroll of fog {unknown}
 F - 2 scrolls of blinking
 K - a scroll of torment {unknown}
 N - a scroll of identify
 Q - a scroll of magic mapping {unknown}
Potions
 b - 2 potions of invisibility {unknown}
 d - a potion of curing
 q - a potion of attraction {unknown}
 s - 4 potions of haste
 u - 2 potions of magic {unknown}
 v - a potion of might
 w - a potion of flight
 E - a potion of mutation
 H - a potion of cancellation {unknown}
 M - 2 potions of brilliance {unknown}
 P - a potion of lignification {unknown}


   Skills:
 + Level 8.8 Fighting
 * Level 11.6 Axes
 + Level 8.7 Armour
 + Level 7.1 Dodging
 + Level 8.9 Shields
 + Level 4.4 Invocations


You had 10 spell levels left.
You didn't know any spells.
Your spell library contained the following spells:

 Spells                   Type           Power      Damage    Failure   Level
 Frozen Ramparts          Ice            0%         1d1       100%        3
 Inner Flame              Hex/Fire       0%         N/A       100%        3
 Portal Projectile        Hex/Tloc       0%         N/A       100%        3
 Cause Fear               Hex            0%         N/A       100%        4
 Ice Form                 Ice/Tmut       0%         N/A       100%        4
 Blade Hands              Tmut           0%         N/A       100%        5
 Dragon Form              Tmut           0%         N/A       100%        7
 Discord                  Hex            0%         N/A       100%        8
 Summon Small Mammal      Summ           Unusable   N/A       N/A         1
 Call Canine Familiar     Summ           Unusable   N/A       N/A         3
 Summon Guardian Golem    Hex/Summ       Unusable   N/A       N/A         3
 Tukima's Dance           Hex            Unusable   N/A       N/A         3
 Summon Ice Beast         Ice/Summ       Unusable   N/A       N/A         4
 Dragon's Call            Summ           Unusable   N/A       N/A         9

Dungeon Overview and Level Annotations

Branches:
Dungeon (8/15)             Temple (1/1) D:6
   Lair: D:8-11

Altars:
Ashenzari
Cheibriados
Dithmenos
Elyvilon
Fedhas
Gozag
Hepliaklqana
Kikubaaqudgha
Makhleb
Nemelex Xobeh
Okawaru
Ru
Sif Muna
Trog
Uskayaw
Vehumet
Wu Jian
Xom
Yredelemnul
Zin

Shops:
D:1 (   D:5 *

Annotations:
D:3 2 transporters


Innate Abilities, Weirdness & Mutations

You have a pair of horns on your head.
You reflexively headbutt those who attack you in melee.


Message History

The poisoned dart barely misses the lindwurm.
The lindwurm breathes flames at you. The blast of flame hits you! You resist.
The lindwurm breathes flames at you. The blast of flame hits you. You resist.
Throw: 13 darts (poison)
Press: ? - help, Q - select action, (/) - cycle Shift-Dir - straight line, f/p - lindwurm
Aim: a lindwurm (catching its breath, 77% to hit)
You throw a poisoned dart. The poisoned dart hits the lindwurm.
The lindwurm is poisoned.
Throw: 12 darts (poison)
Press: ? - help, Q - select action, (/) - cycle Shift-Dir - straight line, f - lindwurm, p - lindwurm
Aim: a lindwurm (heavily wounded, poisoned, 77% to hit)
You throw a poisoned dart.
The poisoned dart barely misses the lindwurm.
Okay, then.
You feel very buoyant.
You fly up into the air.
The lindwurm breathes flames at you. The blast of flame misses you.
The lindwurm looks more healthy.
The lindwurm breathes flames at you. The blast of flame misses you.
The lindwurm breathes flames at you. The blast of flame hits you! You resist.
The lindwurm bites you!
* * * LOW HITPOINT WARNING * * *
The lindwurm completely misses you. The lindwurm claws you.
* * * LOW HITPOINT WARNING * * *
You hit the lindwurm. You burn the lindwurm.
The lindwurm is heavily wounded.
The lindwurm looks more healthy.
The lindwurm barely misses you.
The lindwurm claws you but does no damage. x2
The lindwurm breathes flames at you. The blast of flame hits you! You resist.
* * * LOW HITPOINT WARNING * * *
You feel better. The lindwurm completely misses you. You furiously retaliate!
You headbutt the lindwurm! You block the lindwurm's attack.
The lindwurm claws you but does no damage.
The lindwurm bites you!
You die...

#######..≈§§≈≈..####..≈≈§≈≈..##
######...≈§≈≈..#. .#..≈≈§§§..#
........≈§≈≈≈.## >?##.§§§≈§.§##
........§§≈≈≈.# ##.≈≈§≈≈.§.#
######...§≈§≈..# #..≈§≈§....# ###
##..≈≈≈≈≈..## #..≈≈≈§≈..#.# ..##
#..≈§≈§≈..§##((.≈≈§≈≈....# ...##
#...≈§≈§§§kkk.≈§≈≈≈§§...## ....#
#.§.§≈≈§§≈@§≈§≈≈§≈≈§.†..#
....####.[.§≈§§§§≈§≈≈§≈≈≈§....#
....#......§≈§≈≈≈§§§≈§≈§......#
....#.........§§§§≈≈≈≈..§....##
.................§≈.......#.##
....#.......................#
....#...#####.##....#......#####
........#####.###########.....(#
^.....~~........................#


You could see 3 lindwurms.

Vanquished Creatures
  Pikel (D:4)
  2 gargoyles (D:7)
  A troll (D:7)
  3 slime creatures (D:7)
  Sigmund (D:4)
  A wyvern (D:7)
  A vampire mosquito (D:7)
  Duvessa (D:7)
  5 water moccasins
  5 black bears
  An orc warrior (D:7)
  3 ice beasts (D:7)
  2 sky beasts (D:7)
  3 ogres
  2 centaurs (D:7)
  A lemure (D:4)
  4 kobold brigands
  6 necrophages
  8 bullfrogs
  3 scorpions
  3 wights
  Dowan (D:7)
  14 killer bees (D:7)
  6 electric eels (D:6)
  A howler monkey (D:7)
  9 hounds
  An orc priest (D:8)
  2 gnoll boudas
  Crazy Yiuf (D:5)
  Ijyb (D:5)
  10 orc wizards
  3 iguanas
  7 adders
  7 gnolls
  2 shadow imps
  A white imp (D:5)
  3 ufetubi
  2 dart slugs
  20 orcs
  13 endoplasms
  6 giant cockroaches
  10 goblins
  6 hobgoblins
  4 jackals (D:1)
  15 kobolds
  3 quokkas
  6 ball pythons
  5 bats
  3 frilled lizards
219 creatures vanquished.

Vanquished Creatures (others)
  A butterfly (D:4)
  16 plants (D:6)
17 creatures vanquished.

Grand Total: 236 creatures vanquished

Notes
Turn   | Place    | Note
-------+----------+-------------------------------------------
     0 | D:1      | garrulousMonolith the Minotaur Fighter began the quest for
                  | the Orb.
     0 | D:1      | Reached XP level 1. HP: 19/19 MP: 0/0
     6 | D:1      | Noticed a black mamba
     6 | D:1      | Noticed a seven-headed hydra
     6 | D:1      | Noticed a hog
     7 | D:1      | Noticed an iguana
     7 | D:1      | Noticed a lindwurm
    29 | D:1      | Found Duareedgh's Weapon Shoppe.
   155 | D:1      | Reached XP level 2. HP: 27/27 MP: 1/1
   208 | D:1      | Reached skill level 3 in Axes
   458 | D:1      | Reached XP level 3. HP: 33/33 MP: 2/2
   461 | D:1      | Reached skill level 1 in Dodging
  1052 | D:2      | Identified the +9 mace of Hell's Wrath {flame, rF+ rCorr
                  | Int+2}
  1332 | D:2      | Identified the +1 pair of gloves of Paranoia {Rampage rF-
                  | Slay+3}
  1459 | D:3      | Found a transporter.
  1463 | D:3      | Reached XP level 4. HP: 40/40 MP: 3/3
  1521 | D:3      | Found a transporter.
  1669 | D:3      | Found a faded altar of an unknown god.
  2038 | D:4      | Reached skill level 4 in Axes
  2046 | D:4      | Reached XP level 5. HP: 30/47 MP: 4/4
  2110 | D:4      | Found a white marble altar of Elyvilon.
  2133 | D:4      | Noticed an ogre
  2139 | D:4      | Killed an ogre
  2342 | D:4      | Noticed Sigmund
  2350 | D:4      | Killed Sigmund
  2351 | D:4      | Reached skill level 5 in Fighting
  2351 | D:4      | Reached skill level 5 in Axes
  2351 | D:4      | Reached XP level 6. HP: 50/56 MP: 5/5
  2460 | D:4      | Reached skill level 5 in Armour
  2460 | D:4      | Reached skill level 5 in Shields
  2460 | D:4      | Reached XP level 7. HP: 60/61 MP: 6/6
  2558 | D:4      | Noticed Pikel
  2570 | D:4      | Paralysed by Pikel for 5 turns
  2575 | D:4      | Killed Pikel
  2576 | D:4      | Reached skill level 7 in Axes
  2576 | D:4      | Reached XP level 8. HP: 66/70 MP: 7/7
  2645 | D:4      | Found a burning altar of Makhleb.
  2937 | D:5      | Entered Level 5 of the Dungeon
  2971 | D:5      | Found a runed translucent door.
  2972 | D:5      | Noticed Crazy Yiuf
  3012 | D:5      | Paralysed by an orc for 2 turns
  3097 | D:5      | Found an ancient bone altar of Kikubaaqudgha.
  3101 | D:5      | Noticed Ijyb
  3106 | D:5      | Killed Ijyb
  3215 | D:5      | Found Keitu's Serpentskin Sales.
  3218 | D:5      | Reached skill level 8 in Axes
  3595 | D:5      | Killed Crazy Yiuf
  3698 | D:6      | Reached XP level 9. HP: 78/78 MP: 8/8
  3999 | D:6      | Found a staircase to the Ecumenical Temple.
  4016 | Temple   | Entered the Ecumenical Temple
  4016 | Temple   | Found a transporter.
  4016 | Temple   | Found a transporter.
  4018 | Temple   | Found a transporter.
  4018 | Temple   | Found a transporter.
  4155 | Temple   | Became a worshipper of Warmaster Okawaru
  4202 | D:6      | Reached skill level 5 in Dodging
  4451 | D:6      | Reached skill level 9 in Axes
  4451 | D:6      | Reached skill level 1 in Invocations
  5014 | D:7      | Reached * piety under Okawaru
  5056 | D:7      | Noticed a troll
  5062 | D:7      | Killed a troll
  5267 | D:7      | Reached skill level 10 in Axes
  5276 | D:7      | Reached ** piety under Okawaru
  5413 | D:7      | Reached XP level 10. HP: 81/88 MP: 11/11
  5654 | D:7      | Found a sparkling altar of Nemelex Xobeh.
  5763 | D:7      | Noticed Duvessa
  5764 | D:7      | Noticed Dowan
  5771 | D:7      | Killed Duvessa
  5785 | D:7      | Killed Dowan
  6286 | D:7      | Noticed a gargoyle
  6288 | D:7      | Reached *** piety under Okawaru
  6308 | D:7      | Killed a gargoyle
  6313 | D:7      | Reached skill level 11 in Axes
  6313 | D:7      | Noticed a gargoyle
  6319 | D:7      | Killed a gargoyle
  6356 | D:7      | Reached **** piety under Okawaru
  6488 | D:8      | Found an ornate altar of the Wu Jian Council.
  6955 | D:8      | Noticed a lindwurm
  6960 | D:8      | Noticed a lindwurm
  6968 | D:8      | Noticed a lindwurm
  6987 | D:8      | Reached XP level 11. HP: 64/95 MP: 13/13
  7158 | D:8      | Found a snail-covered altar of Cheibriados.
  7316 | D:8      | Found a bloodstained altar of Trog.
  7422 | D:8      | Noticed a lindwurm
  7450 | D:8      | HP: 1/95 [lindwurm/blast of flame (14)]
  7451 | D:8      | Slain by a lindwurm

Illustrated notes

Levels and vault maps discovered:
D:1:      onia_arrival_zoo_common, layout_loops_ring, serial_shops,
          nicolae_shop_temple_entry_statues_fountains
D:2:      layout_basic, minmay_misc_feat_cross
D:3:      gammafunk_steamed_eel, layout_basic,
          hellmonk_ecumenical_altar_run_dry, kennysheep_cross_bottleneck,
          serial_bayou_ford_a, kennysheep_generic_room_9
D:4:      layout_basic, nicolae_elyvilon_peaceful_grove,
          makhleb_blood_cavern_becter, uniq_sigmund, uniq_pikel
D:5:      layout_rooms, nicolae_overflow_crystal_walls, serial_park_tiny_2,
          guppyfry_shop_venom, uniq_ijyb, uniq_crazy_yiuf_cottage
D:6:      layout_basic, minmay_temple_entry_sparse_star, serial_bayou_lagoon_b
D:7:      nzn_winding_woodlands_stair_cross [nzn_winding_woodlands_5x15_jagged,
          nzn_winding_woodlands_center_pierced_h,
          nzn_winding_woodlands_5x15_concentric,
          nzn_winding_woodlands_5x5_three,
          nzn_winding_woodlands_5x5_closed_star,
          nzn_winding_woodlands_5x15_garden, nzn_winding_woodlands_center_lodge,
          nzn_winding_woodlands_5x15_sidewinder], layout_basic,
          nemelex_altar_shiori, due_unseen_surprise, uniq_duvessa
D:8:      statuecave_lemuel, layout_rooms, trog_ov_bears_minmay,
          amcnicky_altar_gilded, mainiacjoe_overflow_24_doors,
          minmay_lindwurm_lava
Temple:   hellmonk_temple_divided_pantheon

Skill      XL: |  1  2  3  4  5  6  7  8  9 10 |
---------------+-------------------------------+-----
Axes           | 3 4 5 7 8 10 11 | 11.6
Dodging        | 1 2 3 4 6 7 |  7.1
Shields        | 4 5 6 7 8 |  8.9
Fighting       | 4 5 6 7 8 |  8.8
Armour         | 4 5 6 7 8 |  8.7
Invocations    | 2 4 |  4.4

Action                   |  1- 3 |  4- 6 |  7- 9 | 10-12 || total
-------------------------+-------+-------+-------+-------++-------
Melee: War axe           |    59 |       |       |       ||    59
       Headbutt          |     7 |     7 |    30 |    30 ||    74
       Mace              |     6 |    46 |   184 |   188 ||   424
Throw: Dart              |       |       |     1 |    14 ||    15
Evoke: Wand              |       |       |     9 |       ||     9
  Use: Scroll            |     1 |     2 |     7 |       ||    10
       Potion            |       |     1 |       |     3 ||     4
Armor: Scale mail        |    22 |    14 |       |       ||    36
       Plate armour      |       |    20 |   111 |    68 ||   199
       Chain mail        |       |       |       |    38 ||    38
Dodge: Dodged            |    36 |    26 |    81 |    90 ||   233
Block: Buckler           |    16 |    13 |    57 |    48 ||   134

Table legend: (Time is in decaauts)
 A = Elapsed time spent in this place.
 B = Non-inter-level travel time spent in this place.
 C = Inter-level travel time spent in this place.
 D = Time resting spent in this place.
 E = Time spent auto-exploring this place.
 F = Levels seen in this place.
 G = Mean time per level.
                   A        B        C        D        E       F      G
               +--------+--------+--------+--------+--------+-----+--------+
         Total |   7577 |   7383 |    194 |   1113 |   4766 |   9 |  841.9 |
       Dungeon |   7415 |   7221 |    194 |   1013 |   4760 |   8 |  926.9 |
        Temple |    161 |    161 |      0 |    100 |      6 |   1 |  161.0 |
               +--------+--------+--------+--------+--------+-----+--------+

Top non-repeatable levels by time:
     D:7: 1829 daAuts
     D:6: 1118 daAuts
     D:4: 951 daAuts
     D:1: 785 daAuts
     D:8: 772 daAuts
     D:2: 697 daAuts
     D:5: 697 daAuts
     D:3: 564 daAuts
  Temple: 161 daAuts
